 Dungeon Crawl Stone Soup version 0.25.0-3-gd7cc5688da (console) character file.

Game seed: 9950564218498113582

466 Garrluk the Slasher (level 7, -10/52 HPs)
             Began as a Formicid Fighter on June 15, 2020.
             Mangled by an orc warrior
             ... wielding a +0 battleaxe
              (19 damage)
             ... on level 6 of the Dungeon.
             The game lasted 00:10:30 (1862 turns).

Garrluk the Slasher (Formicid Fighter)              Turns: 1862, Time: 00:10:30

Health: -10/52     AC: 12    Str: 23    XL:     7   Next: 30%
Magic:  7/7        EV:  4    Int:  7    God:
Gold:   96         SH: 10    Dex: 16    Spells: 6/6 levels left

rFire    . . .     SeeInvis +   a - +0 long sword
rCold    . . .     Gourm    .   c - +0 kite shield
rNeg     . . .     Faith    .   o - +0 plate armour
rPois    .         Spirit   .   (helmet unavailable)
rElec    .         Reflect  .   (no cloak)
rCorr    .         Harm     .   (no gloves)
MR       .....                  b - +0 pair of boots
Stlth    ..........             (no amulet)
HPRegen  0.17/turn              h - ring of attention (curse)
MPRegen  0.10/turn              n - +6 ring of dexterity

@: mighty
A: permanent stasis, dig shafts and tunnels, four strong arms, antennae 3
a: Dig, Shaft Self


You were on level 6 of the Dungeon.
You were not hungry.

You visited 1 branch of the dungeon, and saw 5 of its levels.

You collected 96 gold pieces.

Inventory:

Hand Weapons
 a - a +0 long sword (weapon)
Missiles
 p - 4 boomerangs (quivered)
Armour
 b - a +0 pair of boots (worn)
 c - a +0 kite shield (worn)
 o - a +0 plate armour (worn)
Jewellery
 h - a cursed ring of attention (left hand)
 n - a +6 ring of dexterity (right hand)
Scrolls
 e - a scroll of teleportation {unknown}
 g - 2 scrolls of enchant weapon {unknown}
 i - 6 scrolls of identify {unknown}
 k - a scroll of enchant armour {unknown}
 m - a scroll of fear {unknown}
Potions
 j - 4 potions of curing {unknown}
Comestibles
 f - 3 rations
 l - 4 chunks of flesh


   Skills:
 - Level 3.2 Fighting
 * Level 6.7 Long Blades
 + Level 2.8 Throwing
 - Level 3.2 Armour
 - Level 3.6 Shields


You had 6 spell levels left.
You didn't know any spells.
Your spell library was empty.

Dungeon Overview and Level Annotations

Branches:
Dungeon (6/15)
 Temple: D:4-7

Altars:
Nemelex Xobeh

Annotations:
D:5 Sigmund


Innate Abilities, Weirdness & Mutations

You cannot be hasted, slowed, berserked, paralysed or teleported.
You can dig through walls and to a lower floor.
Your four strong arms can wield two-handed weapons with a shield.
You have a pair of large antennae on your head. (SInv)


Message History

Butcher an adder corpse? [(y)es/(n)o/(a)ll/(q)uit/?]
Okay, then.
You butcher the worker ant corpse.
l - 4 chunks of flesh (gained 2)
Items here: )))))) [[[[ ÷ † Unknown command.
Items here: )))))) [[[[ ÷ † You see here a +0 chain mail.
You start resting.
The orc warrior is too close now for your liking.
You closely miss the orc warrior. You block the orc warrior's attack.
You hit the orc warrior but do no damage.
The orc warrior hits you with a +0 battleaxe!
You hit the orc warrior but do no damage.
You closely miss the orc warrior.
The orc warrior hits you with a +0 battleaxe!!
* * * LOW HITPOINT WARNING * * *
You feel very mighty all of a sudden.
The orc warrior hits you with a +0 battleaxe!!
You die...

##......#
#.#
##.....#
#.#
#.....#
#.#
#.....#
#.#
#.....#
#.#
#......#
#.#
#.######
#.# ..
#(# #.#
##.###
#..#@#
#.#o##
#.### #.#
#...#
......#
$.......#
..$.....#
...o....#
......(.#
........#


You could see an orc warrior.

Vanquished Creatures
  An orc warrior (D:6)
  A bullfrog (D:6)
  A crimson imp (D:6)
  A hound (D:6)
  An orc priest (D:6)
  An iguana (D:5)
  3 orc wizards (D:6)
  A worker ant (D:6)
  A hound skeleton (D:6)
  2 adders
  2 worms (D:2)
  A dart slug (D:1)
  3 leopard geckos
  6 orcs
  2 bats
  5 goblins (D:1)
  5 hobgoblins
  6 kobolds
  A quokka (D:5)
  A frilled lizard (D:1)
  6 rats
51 creatures vanquished.

Notes
Turn   | Place    | Note
-------+----------+-------------------------------------------
     0 | D:1      | Garrluk the Formicid Fighter began the quest for the Orb.
     0 | D:1      | Reached XP level 1. HP: 18/18 MP: 1/1
     3 | D:1      | Noticed an electric eel
     3 | D:1      | Noticed an electric eel
    59 | D:1      | Reached XP level 2. HP: 22/24 MP: 2/2
   136 | D:1      | Reached skill level 3 in Long Blades
   315 | D:1      | Reached XP level 3. HP: 26/29 MP: 3/3
   420 | D:2      | Found a sparkling altar of Nemelex Xobeh.
   757 | D:2      | Reached skill level 4 in Long Blades
   757 | D:2      | Reached XP level 4. HP: 27/35 MP: 4/4
  1294 | D:3      | You fall into a shaft and drop 3 floors!
  1346 | D:5      | Entered Level 5 of the Dungeon
  1366 | D:5      | Reached skill level 5 in Long Blades
  1366 | D:5      | Reached XP level 5. HP: 23/41 MP: 5/5
  1450 | D:5      | Noticed Sigmund
  1514 | D:6      | Noticed a bullfrog
  1514 | D:6      | Noticed an orc warrior
  1542 | D:6      | Reached skill level 1 in Throwing
  1556 | D:6      | Killed a bullfrog
  1556 | D:6      | Reached XP level 6. HP: 41/47 MP: 6/6
  1579 | D:6      | Killed an orc warrior
  1579 | D:6      | Reached skill level 6 in Long Blades
  1802 | D:6      | Reached XP level 7. HP: 33/52 MP: 7/7
  1862 | D:6      | Mangled by an orc warrior

Illustrated notes

Levels and vault maps discovered:
D:1:      arrival_aquarium_b, layout_basic, serial_aquarium,
          aquarium_bridge_square [aquarium_subvault_window,
          aquarium_subvault_wall, aquarium_subvault_bridge,
          aquarium_subvault_wall], aquarium_window_fake, aquarium_window_fake,
          aquarium_window_1, aquarium_window_1, aquarium_view_2a,
          aquarium_view_2b, aquarium_balcony_double_3, aquarium_pool_S,
          corexii_hall_statues_i, nrook_loot_triangle, minmay_misc_feat_tiny,
          hangedman_decor_growths
D:2:      layout_basic, old_standard_altar, lemuel_crystal_altar
D:3:      layout_basic, overflow_temple_1_default, nicolae_ru_path_of_blood,
          bloody_makhleb, nicolae_dithmenos_shadow_blocks,
          uniq_crazy_yiuf_cottage, uniq_grinder
D:5:      layout_loops_cross, grunt_temple_overflow_open, led_sif_pool,
          first_ration, trog_wizard, uniq_sigmund
D:6:      layout_rooms, yredelemnul_forgotten_temple_becter

Skill      XL: |  1  2  3  4  5  6 |
---------------+-------------------+-----
Long Blades    | 3 4 5 6 |  6.7
Throwing       | 1 2 |  2.8
Fighting       | |  3.2
Armour         | |  3.2
Shields        | |  3.6

Action                   |  1- 3 |  4- 6 |  7- 9 || total
-------------------------+-------+-------+-------++-------
Melee: Long sword        |    96 |   102 |    19 ||   217
Throw: Stone             |     7 |       |       ||     7
       Boomerang         |       |     1 |       ||     1
 Abil: Dig               |    16 |    10 |       ||    26
  Use: Potion            |       |     1 |     1 ||     2
  Eat: Chunk             |       |     5 |     1 ||     6
Armor: Scale mail        |    10 |       |       ||    10
       Chain mail        |    33 |    32 |       ||    65
       Plate armour      |       |     2 |     6 ||     8
Dodge: Dodged            |    15 |    20 |     2 ||    37
Block: Kite shield       |    49 |    42 |     8 ||    99
       Rpst.: Long sword |     5 |     6 |       ||    11
